 Dungeon Crawl Stone Soup version 0.20.1-1-g8b1a95d (webtiles) character file.

178 MovingMist the Distorting Demonspawn (level 5, 0/41 HPs)
             Began as a Demonspawn Abyssal Knight on Nov 19, 2017.
             Was a Believer of Lugonu.
             Killed from afar by Fingolfin's ghost (26 damage)
             ... with a stone arrow
             ... on level 4 of the Dungeon.
             The game lasted 00:08:03 (3620 turns).

MovingMist the Distorting Demonspawn (DsAK)         Turns: 3620, Time: 00:08:04

Health: 0/41       AC: 13    Str: 13    XL:     5   Next: 32%
Magic:  8/8        EV:  6    Int: 13    God:    Lugonu [**....]
Gold:   241        SH:  0    Dex: 17    Spells: 4/4 levels left

rFire    . . .     SeeInvis .   a - +1 falchion
rCold    + . .     Gourm    .   (no shield)
rNeg     . . .     Faith    .   h - +0 chain mail
rPois    .         Spirit   .   (no helmet)
rElec    .         Reflect  .   s - +1 cloak {+Inv}
rCorr    .         Harm     .   (no gloves)
MR       .....                  (no boots)
Stlth    ..........             (no amulet)
Regen    0.2/turn               i - +4 ring of dexterity
MPRegen  0.2/turn               (no ring)

@: no status effects
A: thin metallic scales 1, cold resistance 1, powered by pain 1
a: Depart the Abyss, Bend Space, Renounce Religion, Evoke Invisibility


You were on level 4 of the Dungeon.
You worshipped Lugonu.
Lugonu was pleased with you.
You were not hungry.

You visited 1 branch of the dungeon, and saw 4 of its levels.
You visited the Abyss 1 time.

You collected 241 gold pieces.

Inventory:

Hand Weapons
 a - a +1 falchion (weapon)
Armour
 h - a +0 chain mail (worn)
 j - a +0 plate armour
 s - a +1 cloak of invisibility (worn)
Jewellery
 i - a +4 ring of dexterity (left hand)
Scrolls
 b - a scroll of magic mapping {unknown}
 d - 2 scrolls of identify {unknown}
 f - a scroll of enchant weapon {unknown}
 l - 3 scrolls of teleportation {unknown}
 t - a scroll of immolation {unknown}
 v - a scroll of blinking {unknown}
 w - a scroll of amnesia {unknown}
Potions
 e - 2 potions of haste {unknown}
 g - a potion of cancellation {unknown}
 k - 2 potions of might {unknown}
 n - a potion of agility {unknown}
 p - a potion of mutation {unknown}
 q - a potion of brilliance {unknown}
 u - a potion of heal wounds {unknown}
Comestibles
 c - 4 bread rations
 m - 2 meat rations
 o - a royal jelly


   Skills:
 + Level 3.5 Fighting
 + Level 2.9 Long Blades
 + Level 2.5 Armour
 - Level 1.1 Dodging
 * Level 5.1 Invocations


You had 4 spell levels left.
You didn't know any spells.

Dungeon Overview and Level Annotations

Branches:
Dungeon (4/15)
 Temple: D:4-7

Altars:
Ashenzari
Yredelemnul
The Shining One

Annotations:
D:4 Fingolfin's ghost, amateur DgEE


Innate Abilities, Weirdness & Mutations

You are partially covered in thin metallic scales. (AC +2)
Your flesh is cold resistant. (rC+)
You sometimes gain a little power by taking damage.


Message History

You eat the chunk of flesh.
This raw flesh tastes terrible.
There is a stone staircase leading down, spattered with blood here.
You climb downwards.
Level annotation: Fingolfin's ghost, amateur DgEE
There is a stone staircase leading up here.
Found 4 gold pieces.
Fingolfin's ghost casts a spell at you. The stone arrow hits you!
Found a scroll labeled FEYVUD SUUNED.
Fingolfin's ghost hits you but does no damage.
You hit Fingolfin's ghost.
Fingolfin's ghost is lightly damaged.
Fingolfin's ghost casts a spell at you. The blast of sand hits you!
You hit Fingolfin's ghost.
Fingolfin's ghost is lightly damaged.
Fingolfin's ghost points at you and mumbles some strange words.
The stone arrow hits you!
Ouch! That really hurt!
You die...

##### ########....
$............ #####
..............
##...##..............$
#....@W.?.............
#....####+#######.....
#....## ###### #<....#
#.....# #.....#
#######


You could see Fingolfin's ghost.

Vanquished Creatures
  The ghost of yogakurto the Sneak, an amateur SpAs (D:3)
  3 adders
  An ooze (D:3)
  2 worms
  A dart slug (D:1)
  2 leopard geckos
  3 orcs (D:3)
  2 ball pythons
  6 giant cockroaches
  7 goblins
  4 hobgoblins
  4 jackals (D:2)
  11 kobolds
  9 bats
  3 frilled lizards
  7 rats
66 creatures vanquished.

Notes
Turn   | Place    | Note
-------+----------+-------------------------------------------
     0 | Abyss:1  | MovingMist the Demonspawn Abyssal Knight began the quest for the Orb.
     0 | Abyss:1  | Reached XP level 1. HP: 18/18 MP: 2/2
    52 | Abyss:1  | Noticed a starcursed mass
    52 | D:1      | Escaped the Abyss
    79 | D:1      | Reached skill level 1 in Dodging
    99 | D:1      | Reached * piety under Lugonu
   184 | D:1      | Reached skill level 3 in Invocations
   282 | D:1      | Gained mutation: You are partially covered in thin metallic scales. (AC +2) [demonic ancestry]
   282 | D:1      | Reached XP level 2. HP: 24/24 MP: 4/4
   305 | D:1      | Found a shattered altar of Ashenzari.
   981 | D:2      | Gained mutation: You sometimes gain a little power by taking damage. [demonic ancestry]
   981 | D:2      | Reached XP level 3. HP: 16/29 MP: 5/5
  1652 | D:2      | Reached skill level 4 in Invocations
  1929 | D:3      | Noticed yogakurto's ghost (amateur SpAs)
  2289 | D:3      | Reached XP level 4. HP: 29/35 MP: 7/7
  2303 | D:3      | Reached ** piety under Lugonu
  2339 | D:3      | Killed yogakurto's ghost
  2339 | D:3      | Gained mutation: Your flesh is cold resistant. (rC+) [demonic ancestry]
  2339 | D:3      | Reached XP level 5. HP: 22/41 MP: 8/8
  2467 | D:3      | Found a glowing golden altar of the Shining One.
  2527 | D:3      | Reached skill level 5 in Invocations
  2887 | D:3      | Found a basalt altar of Yredelemnul.
  3000 | D:4      | Noticed Fingolfin's ghost (amateur DgEE)
  3620 | D:4      | Killed from afar by Fingolfin's ghost

Skill      XL: |  1  2  3  4  5 |
---------------+----------------+-----
Dodging        | 1 |  1.1
Invocations    | 3 4 5 |  5.1
Long Blades    | 2 |  2.9
Armour         | 2 |  2.5
Fighting       | |  3.5

Action                   |  1- 3 |  4- 6 || total
-------------------------+-------+-------++-------
Melee: Falchion          |   180 |   119 ||   299
Invok: Depart the Abyss  |     1 |       ||     1
  Eat: Chunk             |     4 |     5 ||     9
Armor: Chain mail        |   145 |    98 ||   243
       Leather armour    |     2 |       ||     2
Dodge: Dodged            |    66 |    41 ||   107
       Rpst.: Falchion   |    18 |    13 ||    31
